 Dungeon Crawl Stone Soup version 0.22-a0-551-g3b2bdd4ba6 (webtiles) character file.

74 M4edhros the Sneak (level 4, 0/28 HPs)
             Began as an Octopode Artificer on June 25, 2018.
             Succumbed to a worker ant's poison
             ... on level 4 of the Dungeon.
             The game lasted 00:01:16 (1035 turns).

M4edhros the Sneak (Octopode Artificer)             Turns: 1035, Time: 00:01:17

Health: 0/28       AC:  1    Str: 11    XL:     4   Next: 30%
Magic:  7/7        EV: 13    Int: 18    God:
Gold:   119        SH:  0    Dex: 13    Spells: 3/3 levels left

rFire    . . .     SeeInvis .   p - +4 club
rCold    . . .     Gourm    .   (no shield)
rNeg     . . .     Faith    .   (helmet restricted)
rPois    .         Spirit   .   (no amulet)
rElec    .         Reflect  .   (no ring)
rCorr    .         Harm     .   (no ring)
MR       .....                  (no ring)
Stlth    ++++......             (no ring)
HPRegen  0.09/turn              (no ring)
MPRegen  0.10/turn              (no ring)
                                (no ring)
                                (no ring)

@: brilliant, lethally poisoned (0 -> -2), flying, very slightly contaminated,
invisible
A: almost no armour, stealthy swim, amphibious, 8 rings, constrict 8, camouflage
1, gelatinous body 1
a: no special abilities


You were on level 4 of the Dungeon.
You were not hungry.

You visited 1 branch of the dungeon, and saw 4 of its levels.

You collected 119 gold pieces.

Inventory:

Hand Weapons
 a - a +0 short sword
 k - a +0 hunting sling
 p - a +4 club (weapon)
Missiles
 h - 9 stones (quivered)
Wands
 b - a wand of flame (14)
 c - a wand of enslavement (14)
 d - a wand of random effects (14)
 o - a wand of clouds (5)
Scrolls
 g - a scroll of enchant armour {unknown}
 m - 2 scrolls of remove curse {unknown}
 n - a scroll of fear {unknown}
Potions
 e - a potion of ambrosia {unknown}
Comestibles
 f - 5 rations


   Skills:
 - Level 1.0 Fighting
 - Level 1.0 Short Blades
 - Level 2.0 Dodging
 * Level 4.8 Stealth
 + Level 4.1 Evocations


You had 3 spell levels left.
You didn't know any spells.
Your spell library was empty.

Dungeon Overview and Level Annotations

Branches:
Dungeon (4/15)
 Temple: D:4-7

Altars:
Fedhas


Innate Abilities, Weirdness & Mutations

You cannot wear most types of armour.
You are very stealthy in the water. (Stealth+)
You are amphibious.
You can wear up to eight rings at the same time.
You can use your tentacles to constrict eight enemies at once.
Your skin changes colour to match your surroundings (Stealth+).
Your rubbery body absorbs attacks. (AC +1, EV +1)


Message History

* * * LOW HITPOINT WARNING * * *
You feel sick.
Evoke which item? (* to show all) (? for menu, Esc to quit)
Aiming: Enslavement
Press: ? - help, Shift-Dir - straight line, f - worker ant
Aim: a worker ant (hasn't noticed you, chance to defeat MR: 67%)
The worker ant twitches its antennae in your direction.
The worker ant is charmed.
* * * LOW HITPOINT WARNING * * *
You feel sick.
* * * LOW HITPOINT WARNING * * *
You feel sick.
* * * LOW HITPOINT WARNING * * *
You feel sick.
Found a grey potion.
* * * LOW HITPOINT WARNING * * *
You feel sick.
You see here a grey potion.
e - a grey potion You die...

#....(....##...#
......####...#....##
.....# ##........##
##...# #....$.....
#...######......###.
##............[###
#.............##
####.....#####...##
.......@## ##....#
###....a.# #..##.#
#.####.####.## .# #
#....##a## #.
#....#..#.# ##
#..#######.## .. #.#
###


You could see a friendly worker ant.

Vanquished Creatures
  Ijyb (D:3)
  A worker ant (D:4)
  An adder (D:2)
  A dart slug (D:3)
  2 goblins (D:1)
  3 hobgoblins
  3 bats
  2 frilled lizards
  A jackal skeleton (D:3)
  A kobold (D:1)
  2 rats
18 creatures vanquished.

Notes
Turn   | Place    | Note
-------+----------+-------------------------------------------
     0 | D:1      | M4edhros the Octopode Artificer began the quest for the Orb.
     0 | D:1      | Reached XP level 1. HP: 13/13 MP: 3/3
   357 | D:1      | Reached XP level 2. HP: 14/18 MP: 4/4
   535 | D:3      | Noticed Ijyb
   544 | D:3      | Killed Ijyb
   544 | D:3      | Reached XP level 3. HP: 4/23 MP: 5/5
   548 | D:3      | HP: 1/23 [bat (1)]
   981 | D:3      | Found a blossoming altar of Fedhas.
  1011 | D:4      | Reached XP level 4. HP: 12/28 MP: 7/7
  1031 | D:4      | HP: 1/28 [poisoned by a worker ant]
  1035 | D:4      | Succumbed to a worker ant's poison

Vault maps used:
D:1:      dpeg_arrival_leaves_temple_mockup
D:3:      minmay_overflow_temple_star_hex, first_ration, fedhas_altar_3,
          uniq_natasha, uniq_ijyb
D:4:      overflow_temple_1_default, temple_doors_e

Skill      XL: |  1  2  3 |
---------------+----------+-----
Stealth        | 2 4 |  4.8
Evocations     | 4 |  4.1
Fighting       | |  1.0
Short Blades   | |  1.0
Dodging        | |  2.0

Action                   |  1- 3 |  4- 6 || total
-------------------------+-------+-------++-------
Melee: Short sword       |    23 |       ||    23
       Constrict         |     7 |       ||     7
       Tentacles         |     2 |       ||     2
       Club              |    10 |       ||    10
Evoke: Wand              |     2 |     1 ||     3
  Use: Potion            |       |     3 ||     3
 Stab: Sleeping          |     8 |       ||     8
Armor: Skin              |     2 |       ||     2
Dodge: Dodged            |    10 |       ||    10

Table legend:
 A = Spawn XP
 B = Non-spawn XP
 C = Spawn XP percentage of total XP
 D = Spawn monster count
 E = Non-spawn monster count
 F = Spawn count percentage of total count
 G = Total turns spent on level
                    A         B        C        D         E        F      G
               +---------+---------+-------+---------+---------+-------+---------
         Total |       0 |     107 |   0.0 |       0 |      18 |   0.0 |  1035
               +---------+---------+-------+---------+---------+-------+---------
           D:1 |       0 |      11 |   0.0 |       0 |       7 |   0.0 |   432
           D:2 |       0 |      17 |   0.0 |       0 |       4 |   0.0 |    45
           D:3 |       0 |      46 |   0.0 |       0 |       6 |   0.0 |   525
           D:4 |       0 |      33 |   0.0 |       0 |       1 |   0.0 |    33
               +---------+---------+-------+---------+---------+-------+---------
